 Dungeon Crawl Stone Soup version 0.26-a0-812-g31a745ddcd (webtiles) character file.

Game seed: 5090238437748714100

3598 HoaS the Cruncher (level 10, 0/70 HPs)
             Began as a Formicid Fighter on Nov 28, 2020.
             Was a Follower of Wu Jian.
             Succumbed to a queen ant's poison
             ... on level 8 of the Dungeon on Nov 29, 2020.
             The game lasted 00:21:26 (6504 turns).

HoaS the Cruncher (Formicid Fighter)                Turns: 6504, Time: 00:21:27

Health: 0/70       AC: 20    Str: 29    XL:     10   Next: 32%
Magic:  10/10      EV:  7    Int:  9    God:    Wu Jian [*.....]
Gold:   396        SH: 14    Dex: 10    Spells: 9/9 levels left

rFire    . . .     SeeInvis +   a - +1 quarterstaff
rCold    . . .     Faith    .   u - +2 kite shield
rNeg     . . .     Spirit   .   r - +1 plate armour
rPois    .         Reflect  .   (helmet unavailable)
rElec    .         Harm     .   l - +1 cloak
rCorr    .         Rampage  .   g - +1 pair of gloves
MR       +....                  (no boots)
Stlth    ..........             (no amulet)
HPRegen  0.21/turn              i - +6 ring of strength
MPRegen  0.12/turn              p - +4 ring of protection

@: lethally poisoned (0 -> -21)
A: permanent stasis, dig shafts and tunnels, four strong arms, antennae 3
a: Dig, Shaft Self, Renounce Religion


You were on level 8 of the Dungeon.
You worshipped Wu Jian.
Wu Jian was aware of your devotion.
You visited 2 branches of the dungeon, and saw 9 of its levels.

You collected 396 gold pieces.

Inventory:

Hand Weapons
 a - a +1 quarterstaff (weapon)
Armour
 g - a +1 pair of gloves (worn)
 l - a +1 cloak (worn)
 r - a +1 plate armour (worn)
 u - a +2 kite shield (worn)
Jewellery
 b - an uncursed ring of protection from magic
 i - a +6 ring of strength (left hand)
 n - an uncursed ring of positive energy
 p - a +4 ring of protection (right hand)
 v - an uncursed ring of protection from magic
 y - an uncursed ring of protection from magic
Wands
 t - a wand of flame (12)
Scrolls
 e - 4 scrolls of magic mapping
 f - 8 scrolls of remove curse
 q - a scroll of identify
 w - a scroll of enchant weapon
Potions
 c - 3 potions of invisibility
 d - a potion of might
 h - 4 potions of flight
 j - a potion of cancellation
 k - 2 potions of mutation
 m - 3 potions of curing
 o - 3 potions of heal wounds
 s - a potion of lignification {unknown}
 x - 2 potions of attraction {unknown}


   Skills:
 - Level 3.2 Fighting
 * Level 12.3 Staves
 - Level 3.2 Armour
 - Level 9.0 Shields


You had 9 spell levels left.
You didn't know any spells.
Your spell library contained the following spells:

 Spells                   Type           Power        Failure   Level
 Magic Dart               Conj           #...         99%         1
 Call Imp                 Summ           #.......     100%        2
 Searing Ray              Conj           #.....       100%        2
 Slow                     Hex            #.......     100%        2
 Conjure Flame            Conj/Fire      #.......     100%        3
 Dazzling Flash           Conj/Hex       #.....       100%        3
 Mephitic Cloud           Conj/Pois/Air  #.......     100%        3
 Fulminant Prism          Conj/Hex       #.........   100%        4
 Iskenderun's Mystic Bla  Conj/Tloc      #.......     100%        4
 Blink                    Tloc           Unusable     N/A         2

Dungeon Overview and Level Annotations

Branches:
Dungeon (8/15)             Temple (1/1) D:6
   Lair: D:8-11

Altars:
Ashenzari
Cheibriados
Dithmenos
Elyvilon
Fedhas
Gozag
Hepliaklqana
Kikubaaqudgha
Makhleb
Nemelex Xobeh
Okawaru
Qazlal
Ru
Sif Muna
Trog
Vehumet
Wu Jian
Xom
Yredelemnul
Zin
The Shining One


Innate Abilities, Weirdness & Mutations

You cannot be hasted, slowed, berserked, paralysed or teleported.
You can dig through walls and to a lower floor.
Your four strong arms can wield two-handed weapons with a shield.
You have a pair of large antennae on your head. (SInv)


Message History

You hit the queen ant.
The queen ant is almost dead.
* * * LOW HITPOINT WARNING * * *
You feel sick. You block the queen ant's attack.
You hit the queen ant but do no damage.
The queen ant is almost dead.
* * * LOW HITPOINT WARNING * * *
You feel sick.
The queen ant stings you but does no damage.
You barely miss the queen ant.
The queen ant is almost dead.
* * * LOW HITPOINT WARNING * * *
You feel sick. The queen ant closely misses you.
You hit the queen ant but do no damage.
The queen ant is almost dead.
* * * LOW HITPOINT WARNING * * *
You feel sick.
You hit the queen ant but do no damage.
The queen ant is almost dead.
You die...

##.##..........##
..?.............##
.####............#
......B...).....#
#####......{...##
#...B.....{#
#.......{{###
##....{{.##B##
#....{{##{#@# {
#....{{{{####..
#...##{{{{......
##.##..###......
.. ###...# ....##
.. ##..## ...# ..
##..## =..# .
##..## ..# #..##
.##


You could see a queen ant.

Vanquished Creatures
  Grinder (D:5)
  4 soldier ants (D:8)
  3 sky beasts
  An ice beast (D:5)
  2 black bears (D:7)
  A phantom (D:6)
  3 ogres
  A centaur (D:6)
  A bullfrog (D:6)
  A gnoll sergeant (D:8)
  2 scorpions
  4 howler monkeys
  10 wights
  3 crimson imps (D:5)
  6 orc priests
  Crazy Yiuf (D:4)
  An orc wizard (D:5)
  2 hounds
  3 jellies
  2 bullfrog skeletons
  Jessica (D:2)
  An iguana (D:6)
  Ijyb (D:5)
  11 worker ants
  12 gnolls
  9 adders
  A shadow imp (D:6)
  2 white imps
  An ufetubus (D:7)
  A worm (D:4)
  A dart slug (D:1)
  3 leopard geckos
  24 orcs
  8 bats
  A giant cockroach (D:5)
  5 goblins
  10 hobgoblins
  16 jackals
  5 quokkas
  3 ball pythons
  7 frilled lizards
  A jackal zombie (D:5)
  9 kobolds
  A leopard gecko skeleton (D:7)
  11 rats
  A spectral orc (D:7)
198 creatures vanquished.

Notes
Turn   | Place    | Note
-------+----------+-------------------------------------------
     0 | D:1      | HoaS the Formicid Fighter began the quest for the Orb.
     0 | D:1      | Reached XP level 1. HP: 18/18 MP: 1/1
   136 | D:1      | Reached XP level 2. HP: 14/24 MP: 2/2
   372 | D:1      | Reached XP level 3. HP: 24/29 MP: 3/3
   465 | D:1      | Reached skill level 3 in Staves
   718 | D:2      | Noticed Jessica
   733 | D:2      | Killed Jessica
   733 | D:2      | Reached XP level 4. HP: 32/35 MP: 4/4
  1080 | D:2      | Reached skill level 4 in Staves
  1089 | D:2      | Reached XP level 5. HP: 40/41 MP: 5/5
  1110 | D:2      | Reached skill level 5 in Shields
  1576 | D:3      | Reached XP level 6. HP: 47/47 MP: 6/6
  1619 | D:3      | Reached skill level 5 in Staves
  2638 | D:4      | Reached XP level 7. HP: 50/52 MP: 7/7
  2673 | D:4      | Found a runed translucent door.
  2674 | D:4      | Noticed Crazy Yiuf
  2720 | D:4      | Found a glowing golden altar of the Shining One.
  2982 | D:4      | Killed Crazy Yiuf
  3068 | D:5      | Entered Level 5 of the Dungeon
  3116 | D:5      | Reached skill level 6 in Staves
  3217 | D:5      | Got a dazzling plate armour
  3219 | D:5      | Identified the cursed +1 plate armour "Alen" {rN+ Regen+
                  | Dex-5} (You found it on level 5 of the Dungeon)
  3260 | D:5      | Noticed Grinder
  3275 | D:5      | Killed Grinder
  3275 | D:5      | Reached skill level 7 in Staves
  3275 | D:5      | Reached XP level 8. HP: 54/58 MP: 8/8
  3364 | D:5      | Found a sparkling altar of Nemelex Xobeh.
  3392 | D:5      | Noticed Ijyb
  3410 | D:5      | Killed Ijyb
  3631 | D:5      | Reached skill level 8 in Staves
  3920 | D:5      | Found a shimmering altar of Xom.
  4261 | D:6      | Reached XP level 9. HP: 64/64 MP: 9/9
  4287 | D:6      | Reached skill level 9 in Staves
  4345 | D:6      | Found a white marble altar of Elyvilon.
  4350 | D:6      | Found a radiant altar of Vehumet.
  4353 | D:6      | Found a stormy altar of Qazlal.
  4525 | D:6      | Found a shadowy altar of Dithmenos.
  4628 | D:6      | Found a staircase to the Ecumenical Temple.
  4634 | Temple   | Entered the Ecumenical Temple
  4731 | Temple   | Became a worshipper of the Wu Jian Council
  4775 | D:6      | Found a shimmering blue altar of Sif Muna.
  4776 | D:6      | Found a snail-covered altar of Cheibriados.
  4819 | D:6      | Found a glowing silver altar of Zin.
  5073 | D:7      | Reached skill level 10 in Staves
  5417 | D:7      | Found a blossoming altar of Fedhas.
  5489 | D:7      | Reached skill level 11 in Staves
  5633 | D:7      | Found a basalt altar of Yredelemnul.
  5637 | D:7      | Reached * piety under Wu Jian
  6044 | D:8      | Reached XP level 10. HP: 70/70 MP: 10/10
  6073 | D:8      | Found a radiant altar of Vehumet.
  6435 | D:8      | Reached skill level 12 in Staves
  6440 | D:8      | Noticed a queen ant
  6501 | D:8      | HP: 3/70 [poisoned by a queen ant]
  6503 | D:8      | HP: 1/70 [poisoned by a queen ant]
  6504 | D:8      | Succumbed to a queen ant's poison

Illustrated notes

Levels and vault maps discovered:
D:1:      scummos_arrival_star, layout_basic, hangedman_feature_mirror,
          st_stairs_3
D:2:      layout_basic, uniq_jessica
D:3:      layout_loops_ring
D:4:      layout_rooms, tso_altar, uniq_crazy_yiuf_cottage
D:5:      layout_basic, led_xom_imps, old_standard_altar, minivault_5,
          uniq_grinder, uniq_ijyb
D:6:      layout_basic, zin_academy, nicolae_overflow_hidden_temple,
          minmay_temple_entry_hall, nicolae_dithmenos_the_darkroom
D:7:      layout_loops_ring, yredelemnul_forgotten_temple_becter, serial_rivers,
          chequers_serial_rivers_large_b, chequers_serial_rivers_micro_c,
          chequers_serial_rivers_large_a, chequers_serial_rivers_micro_c,
          chequers_serial_rivers_small_b, basic_altar, grunt_ministairs_14
D:8:      layout_cave_pods, dancing_weapons_uskayaw, basic_altar, minivault_29
Temple:   zaba_magenta_temple

Skill      XL: |  1  2  3  4  5  6  7  8  9 10 |
---------------+-------------------------------+-----
Shields        | 4 5 6 8 9 |  9.0
Staves         | 3 4 5 7 8 11 12 | 12.3
Fighting       | |  3.2
Armour         | |  3.2

Action                   |  1- 3 |  4- 6 |  7- 9 | 10-12 || total
-------------------------+-------+-------+-------+-------++-------
Melee: Quarterstaff      |    91 |   179 |   424 |   145 ||   839
Invok: Lunge             |       |       |    11 |     7 ||    18
       Whirlwind         |       |       |       |     1 ||     1
 Abil: Dig               |     2 |     5 |     3 |     4 ||    14
  Use: Scroll            |     5 |     6 |     8 |     2 ||    21
 Stab: Invisible         |       |       |     1 |       ||     1
Armor: Scale mail        |    47 |    41 |       |       ||    88
       Plate armour      |       |    15 |   120 |    24 ||   159
Dodge: Dodged            |    30 |    57 |    49 |    13 ||   149
Block: Kite shield       |    53 |    80 |   188 |    46 ||   367

Table legend: (Time is in decaauts)
 A = Elapsed time spent in this place.
 B = Non-inter-level travel time spent in this place.
 C = Inter-level travel time spent in this place.
 D = Time resting spent in this place.
 E = Time spent auto-exploring this place.
 F = Levels seen in this place.
 G = Mean time per level.
                   A        B        C        D        E       F      G
               +--------+--------+--------+--------+--------+-----+--------+
         Total |   6482 |   6256 |    226 |    669 |   3960 |   9 |  720.2 |
       Dungeon |   6369 |   6143 |    226 |    669 |   3903 |   8 |  796.1 |
        Temple |    112 |    112 |      0 |      0 |     57 |   1 |  112.0 |
               +--------+--------+--------+--------+--------+-----+--------+

Top non-repeatable levels by time:
     D:5: 1134 daAuts
     D:3: 1069 daAuts
     D:7: 1034 daAuts
     D:1: 721 daAuts
     D:4: 669 daAuts
     D:2: 649 daAuts
     D:6: 639 daAuts
     D:8: 451 daAuts
  Temple: 112 daAuts
